 Dungeon Crawl Stone Soup version 0.29.1-1-gd02db6906a (webtiles) character file.

Game seed: 15099205309551514404

9327 mtoz the Thrower (level 11, -2/124 HPs)
             Began as a Gnoll Wanderer on Sept 16, 2022.
             Was a Priest of Qazlal.
             Succumbed to a black mamba's poison
             ... on level 1 of the Lair of Beasts on Sept 17, 2022.
             The game lasted 01:55:30 (11279 turns).

mtoz the Thrower (Gnoll Wanderer)                  Turns: 11279, Time: 01:55:31

Health: -2/124     AC: 25    Str:  8    XL:     11   Next: 44%
Magic:  21/21      EV:  2    Int: 21    God:    Qazlal [***...]
Gold:   527        SH:  4    Dex: 16    Spells: 16/24 levels left

rFire   + . .      SeeInvis .   S - +3 war axe (freeze)
rCold   . . .      Faith    .   (no shield)
rNeg    + + .      Spirit   .   (body armour currently unavailable)
rPois   +          Reflect  .   (helmet currently unavailable)
rElec   .          Harm     .   (cloak currently unavailable)
rCorr   .          Rampage  .   (gloves currently unavailable)
Will    +....      NoTele   +   (boots currently unavailable)
Stlth   +++.......              n - amulet of regeneration
HPRegen 1.10/turn               p - ring of protection from fire
MPRegen 0.17/turn               l - ring of Syaphacs {rN++ Will+ Dex+6 Slay-3}

@: lethally poisoned (-2 -> -8), tree-form, on berserk cooldown, slowed, very
slow
A: stationary, stasis, torment immunity, boosted hp, (fangs 1), strong nose,
distributed training
a: Renounce Religion, Upheaval, Elemental Force


You were on level 1 of the Lair of Beasts.
You worshipped Qazlal.
Qazlal was most pleased with you.
You were a tree.
You visited 2 branches of the dungeon, and saw 9 of its levels.
You also visited: Volcano.

You collected 527 gold pieces.

Inventory:

Hand Weapons
 C - a +0 vorpal dire flail
 D - a +4 trident
 E - a +2 flail of holy wrath
 S - a +3 war axe of freezing (weapon)
 U - a +2 long sword of draining
Missiles
 b - 10 poisoned darts
 q - 68 stones
 w - a throwing net
 F - 5 boomerangs
Armour
 e - a +0 chain mail
 f - a +0 helmet (melded)
 x - a +2 cloak (melded)
 y - a +2 leather armour of fire resistance
 z - a +0 plate armour
 N - a +0 leather armour of poison resistance
 R - a +0 pair of boots (melded)
 T - a +2 scale mail of poison resistance (melded)
 V - a +2 robe
Jewellery
 l - the ring of Syaphacs (right branch) {rN++ Will+ Dex+6 Slay-3}
   (You found it on level 2 of the Dungeon)

   [ring of willpower]

   Dex:       It affects your dexterity (+6).
   Slay:      It affects your accuracy & damage with ranged weapons and melee
   (-3).
   rN:        It greatly protects you from negative energy.
   Will:      It increases your willpower.
 n - an amulet of regeneration (around neck)
 p - a ring of protection from fire (left branch)
 W - a +6 ring of dexterity
Wands
 h - a wand of charming (11)
 i - a wand of acid (5)
 H - a wand of mindburst (15)
Scrolls
 a - a scroll of torment
 d - a scroll of magic mapping
 g - a scroll of identify
 j - 3 scrolls of amnesia
 k - 2 scrolls of fog
 s - a scroll of vulnerability {unknown}
 t - a scroll of acquirement {unknown}
 u - 4 scrolls of brand weapon
 K - 2 scrolls of silence {unknown}
 L - 2 scrolls of immolation {unknown}
 M - 3 scrolls of teleportation {unknown}
 O - 2 scrolls of fear {unknown}
 P - 3 scrolls of noise
Potions
 m - 2 potions of might
 r - 2 potions of degeneration {unknown}
 v - a potion of brilliance
 A - 3 potions of haste
 B - 4 potions of mutation
 G - 3 potions of attraction
 Q - a potion of berserk rage


   Skills:
 + Level 6.5 Fighting
 + Level 6.5 Short Blades
 + Level 6.5 Long Blades
 + Level 6.5 Axes
 + Level 6.5 Maces & Flails
 + Level 6.5 Polearms
 + Level 6.5 Staves
 + Level 6.5 Ranged Weapons
 + Level 9.3 Throwing
 + Level 6.5 Armour
 + Level 6.5 Dodging
 + Level 7.0 Stealth
 + Level 6.5 Shields
 + Level 6.5 Unarmed Combat
 + Level 7.2 Spellcasting
 + Level 7.8 Conjurations
 + Level 5.4 Hexes
 + Level 5.4 Summonings
 + Level 5.4 Necromancy
 + Level 5.4 Translocations
 + Level 5.4 Transmutations
 + Level 5.4 Fire Magic
 + Level 5.4 Ice Magic
 + Level 5.4 Air Magic
 + Level 6.7 Earth Magic
 + Level 5.4 Poison Magic
 + Level 7.2 Invocations
 + Level 6.5 Evocations


You had 16 spell levels left.
You knew the following spells:

 Your Spells              Type           Power      Damage    Failure   Level
a - Sandblast             Erth           70%        2d15      1%          1
b - Magic Dart            Conj           100%       1d8       1%          1
c - Searing Ray           Conj           80%        2d7       1%          2
d - Summon Small Mammal   Summ           100%       N/A       1%          1
e - Stone Arrow           Conj/Erth      76%        3d11      1%          3

Your spell library contained the following spells:

 Spells                   Type           Power      Damage    Failure   Level
 Apportation              Tloc           60%        N/A       1%          1
 Necrotise                Necr           100%       1d9       1%          1
 Shock                    Conj/Air       100%       1d9       1%          1
 Ensorcelled Hibernation  Hex/Ice        60%        N/A       1%          2
 Passwall                 Tmut/Erth      27%        N/A       1%          2
 Call Canine Familiar     Summ           30%        N/A       2%          3
 Ozocubu's Armour         Ice            30%        N/A       2%          3
 Summon Guardian Golem    Hex/Summ       30%        N/A       2%          3
 Swiftness                Air            30%        N/A       2%          3
 Flame Wave               Conj/Fire      35%        2d10      5%          4
 Fulminant Prism          Conj/Hex       17%        3d11      5%          4
 Animate Armour           Summ/Erth      66%        N/A       7%          4
 Iskenderun's Battlesphe  Conj           40%        2d9       10%         5
 Fireball                 Conj/Fire      17%        3d9       16%         5
 Conjure Ball Lightning   Conj/Air       17%        3x3d6     65%         6
 Orb of Destruction       Conj           20%        9d8       96%         7
 Ozocubu's Refrigeration  Ice            15%        4d10      100%        7
 Lehudib's Crystal Spear  Conj/Erth      19%        10d6      100%        8


Dungeon Overview and Level Annotations

Branches:
Dungeon (8/15)             Temple (0/1) D:6            Lair (1/5) D:8
Volcano (visited)

Altars:
Ashenzari
Dithmenos
Gozag
Qazlal
Sif Muna
Vehumet
Zin
The Shining One

Annotations:
D:1 1 runed translucent door


Innate Abilities, Weirdness & Mutations

You are a tree.
Your roots penetrate the ground, keeping you stationary.
You cannot be teleported.
You are immune to unholy pain and torment.
Your maximum health is greatly increased.
Your equipment is partially melded.
((You have very sharp teeth.))
Your uncanny sense of smell can sniff out nearby items.
Your experience applies equally to all skills.


Message History

* * * LOW HITPOINT WARNING * * *
You feel extremely sick.
The black mamba bites you but does no damage. x2
You slice the black mamba!!
The black mamba seems to slow down.
You freeze the black mamba!
You kill the black mamba!
Qazlal accepts your kill.
* * * LOW HITPOINT WARNING * * *
You feel very sick.
You are too berserk!
You are too berserk!
You are too berserk!
You are too berserk!
You are too berserk!
Okay, then.
You are too berserk!
You are too berserk!
You are too berserk!
You are too berserk!
You are too berserk!
You are too berserk!
You are too berserk!
You are too berserk!
* * * LOW HITPOINT WARNING * * *
You feel very sick.
You are too berserk!
You feel a strong urge to attack something.
* * * LOW HITPOINT WARNING * * *
You feel very sick.
You are too berserk!
You cannot move.
* * * LOW HITPOINT WARNING * * *
You feel very sick.
You feel your anger nearly subside.
You are no longer berserk.
You are exhausted.
You feel yourself slow down.
* * * LOW HITPOINT WARNING * * *
You feel sick.
It was a potion of magic.
Magic courses through your body.
You die...

**,,,,,** **,,,,,,,,,,,,,,
**,,,,[#** ###......,,,,,,,,,
**,,,...####......†.,,,,,,,,,
*,,,...#.#.........,,,,,,,,,
***,...............,,,,*****
**..............#*,***
*#....../.....*****
*........°.#*** **#......♣○#*
*,.........## *,..........##
**#****** **,...........##
*P##,,,,,
*,,.....#......####...,,,,,
**,,$...P###.....#.....,,,,,
*,,,....** ##.........!,***,
**,,,...#* ##.......#*** **
*,,,,...* #.#.....###


There were no monsters in sight!

Vanquished Creatures
  A hydra (Lair:1)
  A lindwurm (Lair:1)
  2 deep elf pyromancers (Volcano)
  2 black mambas
  Maggie (D:8)
  A komodo dragon (D:8)
  Psyche (D:8)
  A fire elemental (Volcano)
  11 yaks
  A basilisk (Lair:1)
  3 steam dragons
  4 hell hounds
  2 water moccasins
  Duvessa (D:6)
  An ice beast (D:5)
  3 black bears
  5 wolves (Lair:1)
  2 ogres (D:5)
  2 bullfrogs
  A gnoll sergeant (D:7)
  A necrophage (D:3)
  A scorpion (D:7)
  5 wights
  Dowan (D:6)
  5 killer bees (D:8)
  3 howler monkeys
  3 jellies
  2 quasits (D:7)
  3 orc priests
  2 gnoll boudas
  3 hounds
  Ijyb (D:5)
  3 iguanas
  5 orc wizards
  13 gnolls
  3 adders
  2 shadow imps (D:7)
  9 white imps
  2 ufetubi (D:7)
  3 worms
  4 dart slugs
  22 orcs
  6 ball pythons
  A bat (D:2)
  4 endoplasms
  13 giant cockroaches
  6 hobgoblins
  3 quokkas
  4 frilled lizards
  6 goblins
  5 kobolds
  5 rats
195 creatures vanquished.

Vanquished Creatures (others)
  A deep elf pyromancer (Volcano)
  A killer bee (D:8)
  A demonic plant (D:7)
  12 plants (D:8)
15 creatures vanquished.

Grand Total: 210 creatures vanquished

Notes
Turn   | Place    | Note
-------+----------+-------------------------------------------
     0 | D:1      | mtoz the Gnoll Wanderer began the quest for the Orb.
     0 | D:1      | mtoz set off with the following items: a +0 dagger, 10
                  | poisoned darts, a potion of curing, a +0 robe; and the
                  | following spells available to memorise: Sandblast, Shock,
                  | Stone Arrow, Flame Wave, Fulminant Prism.
     0 | D:1      | Reached XP level 1. HP: 13/13 MP: 4/4
     2 | D:1      | Learned a level 1 spell: Sandblast
     3 | D:1      | Found a runed translucent door.
   225 | D:1      | Reached XP level 2. HP: 19/19 MP: 5/5
   876 | D:2      | Identified the ring of Syaphacs {rN++ Will+ Dex+6 Slay-3}
  1257 | D:2      | Found a stormy altar of Qazlal.
  1267 | D:2      | Became a worshipper of Qazlal Stormbringer
  1332 | D:2      | Reached XP level 3. HP: 25/25 MP: 1/7
  1564 | D:2      | Learned a level 1 spell: Magic Dart
  1567 | D:2      | Learned a level 2 spell: Searing Ray
  1665 | D:2      | Reached skill level 1 in Invocations
  2290 | D:3      | Found a shadowy altar of Dithmenos.
  2333 | D:3      | Reached skill level 1 in Fighting
  2333 | D:3      | Reached skill level 1 in Short Blades
  2333 | D:3      | Reached skill level 1 in Long Blades
  2333 | D:3      | Reached skill level 1 in Axes
  2333 | D:3      | Reached skill level 1 in Maces & Flails
  2333 | D:3      | Reached skill level 1 in Polearms
  2333 | D:3      | Reached skill level 1 in Staves
  2333 | D:3      | Reached skill level 1 in Ranged Weapons
  2333 | D:3      | Reached skill level 1 in Armour
  2333 | D:3      | Reached skill level 1 in Dodging
  2333 | D:3      | Reached skill level 1 in Shields
  2333 | D:3      | Reached skill level 1 in Unarmed Combat
  2333 | D:3      | Reached skill level 1 in Evocations
  2481 | D:3      | Noticed a necrophage
  2508 | D:3      | Killed a necrophage
  2509 | D:3      | Reached skill level 1 in Hexes
  2509 | D:3      | Reached skill level 1 in Summonings
  2509 | D:3      | Reached skill level 1 in Necromancy
  2509 | D:3      | Reached skill level 1 in Translocations
  2509 | D:3      | Reached skill level 1 in Transmutations
  2509 | D:3      | Reached skill level 1 in Fire Magic
  2509 | D:3      | Reached skill level 1 in Ice Magic
  2509 | D:3      | Reached skill level 1 in Air Magic
  2509 | D:3      | Reached skill level 1 in Poison Magic
  2509 | D:3      | Reached XP level 4. HP: 23/32 MP: 0/8
  2718 | D:3      | Reached XP level 5. HP: 37/37 MP: 5/9
  3628 | D:4      | Noticed a black bear
  3629 | D:4      | Noticed a black bear
  3632 | D:4      | Killed a black bear
  3633 | D:4      | Reached XP level 6. HP: 33/44 MP: 4/11
  3696 | D:4      | Killed a black bear
  3963 | D:4      | Reached * piety under Qazlal
  4227 | D:4      | Found an opulent altar of Gozag.
  4327 | D:4      | Found a shimmering blue altar of Sif Muna.
  4327 | D:4      | Found a broken altar of Ashenzari.
  4331 | D:4      | Found a radiant altar of Vehumet.
  4383 | D:5      | Entered Level 5 of the Dungeon
  4450 | D:5      | Reached skill level 7 in Throwing
  4450 | D:5      | Reached XP level 7. HP: 51/51 MP: 7/12
  4928 | D:5      | Reached XP level 8. HP: 45/58 MP: 9/14
  5131 | D:5      | Noticed Ijyb
  5142 | D:5      | Killed Ijyb
  6631 | D:6      | Reached skill level 5 in Earth Magic
  6694 | D:6      | Reached XP level 9. HP: 58/65 MP: 1/16
  7263 | D:6      | Noticed Duvessa
  7263 | D:6      | Noticed Dowan
  7274 | D:6      | Killed Dowan
  7275 | D:6      | Reached skill level 5 in Spellcasting
  7283 | D:6      | Killed Duvessa
  7399 | D:6      | Found a staircase to the Ecumenical Temple.
  7532 | D:6      | Found a glowing golden altar of the Shining One.
  7893 | D:7      | Reached ** piety under Qazlal
  8126 | D:7      | Reached skill level 5 in Stealth
  8402 | D:7      | Reached skill level 8 in Throwing
  8682 | D:7      | Reached skill level 5 in Invocations
  9049 | D:7      | Found a glowing silver altar of Zin.
  9186 | D:8      | Noticed Psyche
  9193 | D:8      | Killed Psyche
  9413 | D:8      | Noticed Maggie
  9416 | D:8      | Reached skill level 5 in Fighting
  9416 | D:8      | Reached skill level 5 in Short Blades
  9416 | D:8      | Reached skill level 5 in Long Blades
  9416 | D:8      | Reached skill level 5 in Axes
  9416 | D:8      | Reached skill level 5 in Maces & Flails
  9416 | D:8      | Reached skill level 5 in Polearms
  9416 | D:8      | Reached skill level 5 in Staves
  9416 | D:8      | Reached skill level 5 in Ranged Weapons
  9416 | D:8      | Reached skill level 5 in Armour
  9416 | D:8      | Reached skill level 5 in Dodging
  9416 | D:8      | Reached skill level 5 in Shields
  9416 | D:8      | Reached skill level 5 in Unarmed Combat
  9416 | D:8      | Reached skill level 5 in Evocations
  9416 | D:8      | Reached XP level 10. HP: 74/74 MP: 7/18
  9428 | D:8      | Killed Maggie
  9428 | D:8      | Reached *** piety under Qazlal
  9980 | D:8      | Learned a level 1 spell: Summon Small Mammal
  9983 | D:8      | Found a staircase to the Lair.
 10308 | Lair:1   | Entered Level 1 of the Lair of Beasts
 10308 | Lair:1   | Noticed a black mamba
 10342 | D:8      | Killed a black mamba
 10548 | Lair:1   | Noticed a lindwurm
 10557 | Lair:1   | Killed a lindwurm
 10587 | Lair:1   | Found a dark tunnel.
 10596 | Volcano  | Entered a volcano
 10610 | Volcano  | Reached skill level 9 in Throwing
 10624 | Volcano  | Reached skill level 5 in Hexes
 10624 | Volcano  | Reached skill level 5 in Summonings
 10624 | Volcano  | Reached skill level 5 in Necromancy
 10624 | Volcano  | Reached skill level 5 in Translocations
 10624 | Volcano  | Reached skill level 5 in Transmutations
 10624 | Volcano  | Reached skill level 5 in Fire Magic
 10624 | Volcano  | Reached skill level 5 in Ice Magic
 10624 | Volcano  | Reached skill level 5 in Air Magic
 10624 | Volcano  | Reached skill level 5 in Poison Magic
 10702 | Volcano  | Noticed a deep elf pyromancer
 10703 | Volcano  | Noticed a deep elf pyromancer
 10707 | Volcano  | Noticed a deep elf pyromancer
 10714 | Volcano  | Killed a deep elf pyromancer
 10715 | Volcano  | Reached XP level 11. HP: 63/81 MP: 12/21
 10868 | Volcano  | Killed a deep elf pyromancer
 10888 | Volcano  | Killed a deep elf pyromancer
 11076 | Lair:1   | Learned a level 3 spell: Stone Arrow
 11106 | Lair:1   | Noticed a four-headed hydra
 11113 | Lair:1   | Killed a four-headed hydra
 11275 | Lair:1   | HP: 9/186 [poisoned by a black mamba]
 11277 | Lair:1   | HP: 4/186 [poisoned by a black mamba]
 11278 | Lair:1   | HP: 1/124 [poisoned by a black mamba]
 11279 | Lair:1   | Succumbed to a black mamba's poison

Illustrated notes

Levels and vault maps discovered:
D:1:      dpeg_arrival_caged_fury, layout_basic, minmay_misc_feat_room,
          grunt_decor_cap
D:2:      minmay_roachtagon, layout_basic, basic_altar, minmay_misc_feat_doors
D:3:      layout_basic, grunt_dithmenos_smoke_and_mirrors
D:4:      layout_gridville, minitemple
D:5:      layout_loops_corners, grunt_ministairs_15,
          minmay_fractal_squares_gapless_5, uniq_ijyb
D:6:      layout_basic, nicolae_tso_swordbearing_angel,
          minmay_temple_entry_proselytizer, uniq_duvessa
D:7:      layout_loops_ring, zin_treasury, serial_demonic, serial_demonic_g,
          serial_demonic_f, serial_demonic_a, serial_demonic_a,
          minmay_stone_trees_small, hangedman_abyss_or_decor_stabs
D:8:      layout_rooms, david_lair_shrubbed, uniq_psyche, uniq_maggie
Lair:1:   gammafunk_indiana_jones, layout_hall_layers,
          nicolae_volcano_entry_vermiform

Skill      XL: |  1  2  3  4  5  6  7  8  9 10 11 |
---------------+----------------------------------+-----
Invocations    | 1 2 3 4 5 6 7 |  7.2
Fighting       | 1 2 3 5 6 |  6.5
Short Blades   | 1 2 3 5 6 |  6.5
Long Blades    | 1 2 3 5 6 |  6.5
Axes           | 1 2 3 5 6 |  6.5
Maces & Flails | 1 2 3 5 6 |  6.5
Polearms       | 1 2 3 5 6 |  6.5
Staves         | 1 2 3 5 6 |  6.5
Ranged Weapons | 1 2 3 5 6 |  6.5
Armour         | 1 2 3 5 6 |  6.5
Dodging        | 1 2 3 5 6 |  6.5
Shields        | 1 2 3 5 6 |  6.5
Unarmed Combat | 1 2 3 5 6 |  6.5
Evocations     | 1 2 3 5 6 |  6.5
Spellcasting   | 3 4 5 6 7 |  7.2
Hexes          | 1 2 3 4 5 |  5.4
Summonings     | 1 2 3 4 5 |  5.4
Necromancy     | 1 2 3 4 5 |  5.4
Translocations | 1 2 3 4 5 |  5.4
Transmutations | 1 2 3 4 5 |  5.4
Fire Magic     | 1 2 3 4 5 |  5.4
Ice Magic      | 1 2 3 4 5 |  5.4
Air Magic      | 1 2 3 4 5 |  5.4
Poison Magic   | 1 2 3 4 5 |  5.4
Stealth        | 3 4 5 6 7 |  7.0
Earth Magic    | 4 5 6 |  6.7
Throwing       | 7 8 9 |  9.3
Conjurations   | 6 7 |  7.8

Action                   |  1- 3 |  4- 6 |  7- 9 | 10-12 || total
-------------------------+-------+-------+-------+-------++-------
Melee: Short sword       |    15 |       |       |       ||    15
       Bite              |     3 |       |     3 |     6 ||    12
       War axe           |       |       |    49 |    51 ||   100
       Long sword        |       |       |       |    17 ||    17
       Punch             |       |       |       |     2 ||     2
Throw: Dart              |    40 |       |       |       ||    40
       Stone             |     4 |       |       |       ||     4
 Cast: Sandblast         |    20 |       |    11 |     4 ||    35
       Magic Dart        |    45 |    82 |   116 |    11 ||   254
       Searing Ray       |       |     4 |    37 |    29 ||    70
       Summon Small Mamm |       |       |       |     1 ||     1
       Stone Arrow       |       |       |       |     3 ||     3
Invok: Upheaval          |       |       |       |     3 ||     3
Evoke: Wand              |       |       |    15 |    10 ||    25
  Use: Scroll            |     4 |     2 |     6 |     2 ||    14
       Potion            |       |       |     2 |    13 ||    15
 Stab: Distracted        |       |       |     1 |       ||     1
       Invisible         |       |       |     1 |       ||     1
Armor: Leather armour    |     7 |    13 |    59 |       ||    79
       Chain mail        |     5 |       |       |       ||     5
       Scale mail        |       |       |    30 |   118 ||   148
       Skin              |       |       |       |     3 ||     3
Dodge: Dodged            |    29 |    36 |   155 |   104 ||   324
Block: Other             |       |       |    17 |    38 ||    55
